 Dungeon Crawl Stone Soup version 0.31-a0-1616-gbeaec30b81 (webtiles) character file.

Game seed: 14182440212451962157

421932 Implojin the Acrobat (level 22, -2/154 HPs)
             Began as a Demonspawn Conjurer on Jan 8, 2024.
             Was a High Priest of Hepliaklqana.
             Killed from afar by a quicksilver dragon (20 damage)
             ... with a bolt of dispelling energy
             ... on level 4 of the Depths on Jan 10, 2024.
             The game lasted 03:24:16 (50454 turns).

Implojin the Acrobat (Demonspawn Conjurer)         Turns: 50454, Time: 03:24:17

Health: -2/154     AC: 27    Str: 10    XL:     22   Next: 48%
Magic:  0/28       EV: 35    Int: 20    God:    Hepliaklqana [*****.]
Gold:   1015       SH: 18    Dex: 27    Spells: 22/25 levels left

rFire   + . .        a - +9 rapier (flame)
rCold   + . .        K - +0 kite shield {AC+3}
rNeg    . . .        R - +2 robe {rC+ rF+}
rPois   .            (helmet unavailable)
rElec   +            u - +2 cloak {rCorr}
rCorr   +            F - +2 pair of gloves
SInv    +            j - +2 pair of boots
Will    ++...        N - amulet of regeneration
Stlth   +++          J - ring of protection from cold
HPRegen 1.25/turn    c - ring "Nat Weup" {rElec rC- Will+ Dex+8 SInv}
MPRegen 0.42/turn

%: guardian spirit
@: very slow
A: reduced essence, antennae 3, thin metallic scales 3, icemail 1, augmentation
2, magic shield, magic regeneration, condensation shield
}: 2/15 runes: decaying, serpentine
a: Renounce Religion, Recall Ancestor, Ancestor Identity, Transference, Idealise


You were on level 4 of the Depths.
You worshipped Hepliaklqana.
Hepliaklqana was extremely pleased with you.
You visited 9 branches of the dungeon, and saw 42 of its levels.
You visited 1 bazaar.
You also visited: Ossuary.

You collected 4546 gold pieces.
You spent 3531 gold pieces at shops.

Inventory:

Hand Weapons
 a - a +9 rapier of flaming (weapon)
 e - a +0 rapier of speed
Missiles
 b - 10 boomerangs (quivered)
 l - 3 curare-tipped darts
 S - 3 javelins
 W - 4 atropa-tipped darts
Armour
 j - a +2 pair of boots (worn)
 n - a +1 buckler of fire resistance
 q - a +0 ring mail of willpower
 u - a +2 cloak of preservation (worn)
 F - a +2 pair of gloves (worn)
 K - a +0 kite shield of protection (worn)
 M - the +0 faerie dragon scales {rPois rCorr Dex+6}
   (You took it off the Enchantress on level 1 of the Depths)

   Dex+6:     It affects your dexterity (+6).
   rPois:     It protects you from poison rCorr: It protects you from acid and
   corrosion.
 R - a +2 robe of resistance (worn)
Jewellery
 c - the ring "Nat Weup" (right hand) {rElec rC- Will+ Dex+8 SInv}
   (You acquired it on level 4 of the Lair of Beasts)

   [ring of willpower]

   Dex+8:     It affects your dexterity (+8).
   rC-:       It makes you vulnerable to cold.
   rElec:     It insulates you from electricity.
   Will+:     It increases your willpower.
   SInv:      It lets you see invisible.
 d - a ring of poison resistance
 k - the ring "Jappy" {rF+ Str+5 SInv}
   (You found it on level 2 of the Swamp)

   [ring of see invisible]

   Str+5:     It affects your strength (+5).
   rF+:       It protects you from fire.
   SInv:      It lets you see invisible.
 o - a ring of flight
 w - a ring of protection from fire
 E - a +4 ring of protection
 J - a ring of protection from cold (left hand)
 N - an amulet of regeneration (around neck)
 Q - a +6 ring of dexterity
Wands
 p - a wand of polymorph (32)
 L - a wand of digging (5)
 U - a wand of charming (2)
 X - a wand of roots (20)
 Z - a wand of acid (5)
Scrolls
 g - a scroll of teleportation
 m - 2 scrolls of revelation
 t - a scroll of fog
 y - a scroll of enchant armour
 D - 4 scrolls of vulnerability
 H - 3 scrolls of silence
 V - 2 scrolls of enchant weapon
Potions
 f - 2 potions of enlightenment
 h - 3 potions of curing
 i - 2 potions of heal wounds
 r - 4 potions of ambrosia
 v - 6 potions of mutation
 z - 2 potions of cancellation
 A - a potion of haste
 B - 2 potions of resistance
 G - 3 potions of magic
 I - 3 potions of might
 P - a potion of berserk rage
Miscellaneous
 x - a phial of floods
 T - a phantom mirror (inert)


   Skills:
 - Level 14.0 Fighting
 - Level 14.0 Short Blades
 - Level 5.0 Throwing
 - Level 15.0 Armour
 * Level 23.6 Dodging
 - Level 14.0 Stealth
 - Level 10.0 Shields
 - Level 2.0 Spellcasting
 - Level 4.0 Conjurations
 - Level 8.0 Invocations
 - Level 10.0 Evocations


You had 22 spell levels left.
You knew the following spells:

 Your Spells              Type           Power      Damage    Failure   Level
a - Magic Dart            Conj           72%        1d6       9%          1
b - Searing Ray           Conj           36%        2d5       13%         2

Your spell library contained the following spells:

 Spells                   Type           Power      Damage    Failure   Level
 Kiss of Death            Conj/Necr      40%        2d8       21%         1
 Sting                    Conj/Alch      40%        1d5       21%         1
 Freeze                   Ice            8%         1d3       41%         1
 Sandblast                Erth           4%         2d4       41%         1
 Slow                     Hex            8%         N/A       41%         1
 Dazzling Flash           Conj/Hex       20%        N/A       52%         3
 Hailstorm                Conj/Ice       10%        3d6       52%         3
 Stone Arrow              Conj/Erth      20%        3d8       52%         3
 Call Imp                 Summ           4%         N/A       56%         2
 Cigotuvi's Dreadful Rot  Necr/Alch/Air  4%         N/A       56%         2
 Mercury Vapours          Alch/Air       4%         N/A       56%         2
 Sublimation of Blood     Necr           2%         N/A       56%         2
 Mephitic Cloud           Conj/Alch/Air  7%         N/A       63%         3
 Confusing Touch          Hex            2%         N/A       80%         3
 Frozen Ramparts          Ice            4%         1d1       80%         3
 Passwall                 Erth           2%         N/A       80%         3
 Sigil of Binding         Hex            2%         N/A       80%         3
 Tukima's Dance           Hex            2%         N/A       80%         3
 Vampiric Draining        Necr           2%         2d6       80%         3
 Volatile Blastmotes      Fire/Tloc      4%         2d10      80%         3
 Brom's Barrelling Bould  Conj/Erth      10%        2d3       89%         4
 Fulminant Prism          Conj/Alch      5%         3d7       89%         4
 Iskenderun's Mystic Bla  Conj/Tloc      10%        2d4       89%         4
 Iskenderun's Battlesphe  Conj           18%        2d7       94%         5
 Anguish                  Hex/Necr       1%         N/A       99%         4
 Cause Fear               Hex            1%         N/A       99%         4
 Dimensional Bullseye     Hex/Tloc       1%         N/A       99%         4
 Dispel Undead            Necr           2%         3d7       99%         4
 Ignite Poison            Fire/Alch      2%         N/A       99%         4
 Leda's Liquefaction      Alch/Erth      1%         N/A       99%         4
 Manifold Assault         Tloc           2%         N/A       99%         4
 Olgreb's Toxic Radiance  Alch           2%         N/A       99%         4
 Passage of Golubria      Tloc           2%         N/A       99%         4
 Sticky Flame             Fire/Alch      2%         2d4       99%         4
 Vhi's Electric Charge    Tloc/Air       4%         N/A       99%         4
 Arcjolt                  Conj/Air       5%         1d15      99%         5
 Fireball                 Conj/Fire      5%         3d5       99%         5
 Alistair's Intoxication  Alch           1%         N/A       100%        5
 Borgnjor's Vile Clutch   Necr/Erth      1%         N/A       100%        5
 Curse of Agony           Necr           2%         N/A       100%        5
 Freezing Cloud           Conj/Ice/Air   3%         6-21      100%        5
 Lee's Rapid Deconstruct  Erth           1%         3d4*      100%        5
 Silence                  Hex/Air        1%         N/A       100%        5
 Yara's Violent Unravell  Hex/Alch       1%         3d3       100%        5
 Bombard                  Conj/Erth      5%         9d2       100%        6
 Dispersal                Tloc           1%         N/A       100%        6
 Eringya's Noxious Bog    Alch           1%         4d6       100%        6
 Plasma Beam              Fire/Air       1%         2x1d11    100%        6
 Enfeeble                 Hex            1%         N/A       100%        7
 Spellforged Servitor     Conj/Summ      5%         N/A       100%        7
 Summon Hydra             Summ           1%         N/A       100%        7
 Disjunction              Tloc           1%         N/A       100%        8
 Ignition                 Fire           1%         3d3       100%        8
 Chain Lightning          Conj/Air       5%         3d6       100%        9


Dungeon Overview and Level Annotations

Branches:
Dungeon (15/15)            Temple (1/1) D:5            Lair (5/5) D:8
  Swamp (4/4) Lair:2        Snake (4/4) Lair:3        Slime (0/5) Lair:4
    Orc (2/2) D:11            Elf (3/3) Orc:2        Vaults (4/5) D:13
  Crypt (0/3) Vaults:2     Depths (4/4) D:15        Ossuary (visited)
    Zot: Depths:4

Altars:
Ashenzari
Cheibriados
Dithmenos
Fedhas
Gozag
Hepliaklqana
Kikubaaqudgha
Makhleb
Nemelex Xobeh
Okawaru
Qazlal
Ru
Sif Muna
Trog
Uskayaw
Vehumet
Wu Jian
Xom
Yredelemnul
Lugonu

Shops:
D:4 (*::   D:12 [   Orc:2 =[[:   Elf:1 !*   Elf:3 =(   Snake:1 [(*==::=[
Snake:3 ?   Vaults:1 (([   Vaults:3 ?

Portals:
Hell: Depths:1 Depths:2 Depths:3 Depths:4
Abyss: Depths:1 Depths:2 Depths:3
Pandemonium: Depths:1 Depths:2 Depths:4
Ziggurat: Depths:2
Trove: Depths:1 (show slimy rune of Zot)

Annotations:
D:4 Menkaure
Lair:5 3 runed translucent doors, exclusion: 3 doors, avangion's ghost, journeyman MiBe; tgirl's ghost, journeyman OpEn; whatisthis's ghost, journeyman DrCj
Elf:2 Roxanne
Elf:3 1 exclusion
Vaults:4 36 runed translucent doors, exclusion: 36 doors
Depths:3 2 transporters, Feesos's ghost, adept DjFE; Fiun's ghost, veteran GnWn


Innate Abilities, Weirdness & Mutations

Your life essence is reduced to manifest your ancestor. (-10% HP)
You have a pair of large antennae on your head. (SInv)
You are completely covered in thin metallic scales. (AC +4, rElec)
A meltable icy envelope protects you from harm. (AC +4)
Your magical and physical power is enhanced at high health.
When hurt, damage is shared between your health and your magic reserves.
You regenerate magic rapidly.
A meltable shield of frost defends you. (SH +4)


Message History

Press: ? - help, Shift-Dir - straight line, f - quicksilver dragon
Aim: a quicksilver dragon (heavily wounded, catching its breath)
The roots erupt in riotous growth!
Roots grab the quicksilver dragon.
Roots grab the blizzard demon.
Roots grab the quicksilver dragon. x3
The grasping roots constrict the quicksilver dragon!
The grasping roots constrict the quicksilver dragon. x3
The grasping roots constrict the blizzard demon.
Your quicksilver dragon shimmers and vanishes!
The quicksilver dragon struggles to escape constriction.
The quicksilver dragon breathes dispelling energy at you.
The bolt of dispelling energy misses you.
The quicksilver dragon bites you.
The quicksilver dragon claws you but does no damage.
The quicksilver dragon struggles to escape constriction.
The blizzard demon misses you. You block the blizzard demon's attack.
You block the quicksilver dragon's attack.
The quicksilver dragon claws you!
The quicksilver dragon struggles to escape constriction.
Danger: stone giant |T2| Reason: Quivering large rocks, watch out!!
Danger: Low HP Warning |T3| Reason: 31% HP (48/154)
The grasping roots constrict the quicksilver dragon!
You kill the quicksilver dragon!
The grasping roots constrict the quicksilver dragon!
The grasping roots constrict the quicksilver dragon.
The grasping roots constrict the quicksilver dragon!
The grasping roots constrict the blizzard demon.
The quicksilver dragon struggles to escape constriction.
The roots lose their grip on the quicksilver dragon.
The quicksilver dragon breathes dispelling energy at you.
The bolt of dispelling energy misses you.
You block the blizzard demon's attack. x2
The quicksilver dragon struggles to escape constriction.
The quicksilver dragon breathes dispelling energy at you.
The bolt of dispelling energy hits you!!
The blizzard demon waves its arms in wide circles.
The air twists around and strikes you.
The quicksilver dragon breathes dispelling energy at you.
The bolt of dispelling energy hits you!!
You die...

#....≈≈~.#
#....≈≈~.#d#
#....≈≈~.#.# {
#....~≈###'#
#....~~#..d########
#....~~#ddd#.......
#....~≈#####≈~~~~~~
#....~≈≈≈D≈D≈≈≈≈≈≈~
#....~~@~DDD~~C~~~~
#.......2DD....P...
#..................
###################


You could see a golden dragon, 2 storm dragons, 2 draconians, a red draconian, a
fire dragon, 3 quicksilver dragons, a stone giant and a blizzard demon (rooted).

Vanquished Creatures
  Mara (Swamp:3)
  Parghit (Depths:3)
  Margery (Vaults:4)
  A golden dragon (Depths:3)
  Norris (Vaults:1)
  A Tzitzimitl (Depths:3)
  the Enchantress (Depths:1)
  Zenata (Elf:1)
  An Ice Fiend (Depths:4)
  4 liches
  Jorgrun (Swamp:2)
  A searing wretch (Vaults:4)
  4 sphinxes
  A quicksilver dragon (Depths:4)
  Gastronok (D:8)
  The ghost of Pileu the Eclecticist, an adept DsFE of Sif Muna (Vaults:1)
  Agnes (Elf:2)
  2 tengu reavers
  Donald (Snake:3)
  2 storm dragons
  10 nagarajas
  An iron dragon (Depths:4)
  3 fire giants
  6 frost giants
  A deep elf sorcerer (Elf:1)
  2 spriggan defenders (Depths:1)
  4 vault wardens
  3 balrugs
  3 formless jellyfish (Vaults:4)
  10 ironbound preservers
  A juggernaut skeleton (Depths:2)
  2 vampire knights (Depths:2)
  7 stone giants
  10 very ugly things
  3 spark wasps (Depths:2)
  7 dire elephants
  3 war gargoyles (Vaults:4)
  A red draconian (Depths:4)
  2 deep elf death magi
  2 bunyips
  4 eleionomae
  Azrael (Elf:2)
  A white draconian (Depths:4)
  3 blizzard demons
  4 fire dragons
  2 crystal guardians (Vaults:4)
  A green death (Depths:2)
  A shambling mangrove (Swamp:3)
  5 ettins
  5 yaktaur captains
  3 salamander tyrants
  2 entropy weavers
  9 hydras
  A hell beast (Depths:1)
  6 spriggan air magi
  A peacekeeper (Vaults:4)
  3 vault guards
  3 great orbs of eyes
  Erica (D:9)
  2 ogre magi (Orc:2)
  4 alligators
  An anaconda (Snake:3)
  6 ice dragons
  18 dancing weapons
  7 ironbound frosthearts
  3 rakshasas
  4 centaur warriors
  2 boulder beetles
  9 deep troll shamans
  16 naga warriors
  8 two-headed ogres
  A death scarab (Depths:3)
  A death knight (D:14)
  6 tengu warriors
  10 deep troll earth magi
  Urug (D:10)
  12 naga sharpshooters
  A titan zombie (Depths:2)
  14 hell knights
  10 shock serpents
  7 spriggan berserkers
  A sun demon (Depths:3)
  4 occultists
  2 orc high priests (Orc:1)
  11 deep elf knights
  4 goliath frogs
  16 iron trolls
  5 salamander mystics
  3 skeletal warriors
  5 skysharks
  A storm dragon skeleton (Depths:2)
  A shadow demon (Depths:1)
  A golden dragon zombie (Depths:2)
  44 deep trolls
  7 swamp dragons (Swamp:4)
  8 mana vipers
  A glowing orange brain (shapeshifter) (D:15)
  5 bog bodies
  An obsidian statue (Depths:1)
  13 deep elf archers
  3 spriggan druids
  12 ironbound convokers
  An orb spider (shapeshifter) (Depths:4)
  5 arcanists
  3 glowing orange brains
  4 lindwurms
  20 deep elf zephyrmancers
  A phantasmal warrior (Vaults:1)
  2 orc knights
  5 necromancers
  5 harpies (Vaults:2)
  24 deep elf pyromancers
  2 naga ritualists (Snake:1)
  A tengu zombie (Depths:2)
  23 ugly things
  An iron dragon zombie (Depths:2)
  4 manticores
  A frost giant zombie (Depths:2)
  23 salamanders
  6 cyclopes
  8 naga magi
  24 black mambas
  7 guardian serpents
  13 vault sentinels
  A rust devil (Depths:1)
  A gargoyle (D:12)
  18 yaktaurs
  8 cane toads
  2 smoke demons (Depths:1)
  2 unseen horrors
  2 rime drakes
  A freezing wraith (D:15)
  4 hellions (Depths:4)
  7 komodo dragons
  A kobold demonologist (D:13)
  An efreet (D:13)
  2 tengu conjurers (Vaults:4)
  2 ice devils
  4 trolls
  4 polar bears (Lair:5)
  A troll (shapeshifter) (D:14)
  4 tyrant leeches
  11 hornets
  Grinder (D:4)
  An elf zombie (Vaults:2)
  7 blink frogs
  A spriggan zombie (Depths:2)
  2 dream sheep (Lair:5)
  A fire giant simulacrum (Depths:2)
  Sigmund (D:4)
  16 slime creatures
  A spriggan skeleton (Depths:2)
  14 spriggans
  3 air elementals
  A jumping spider (Vaults:2)
  A vampire (D:11)
  A yak (shapeshifter) (Elf:1)
  15 yaks
  A wraith (D:14)
  6 wyverns
  4 ynoxinuls
  2 fire elementals (Elf:2)
  Eustachio (D:6)
  2 water elementals
  A basilisk (D:8)
  A redback (Vaults:3)
  A chaos spawn (Depths:1)
  A steam dragon (D:9)
  14 vampire mosquitoes
  8 swamp worms
  3 acid dragons
  40 nagas
  An ogre skeleton (Vaults:4)
  A hell hound (Elf:2)
  11 water moccasins
  A human skeleton (Vaults:2)
  6 swamp drakes
  8 orc warriors
  2 human zombies (Vaults:4)
  A sky beast (D:6)
  5 black bears
  4 ice beasts
  A laughing skull (D:13)
  A black bear (shapeshifter) (Elf:3)
  3 ogres (Orc:2)
  22 wolves
  A tengu (shapeshifter) (D:15)
  6 boggarts
  14 centaurs
  2 phantoms (D:6)
  A kobold brigand (D:7)
  9 bullfrogs
  A gnoll sergeant (D:9)
  2 earth elementals
  4 scorpions
  A glowing shapeshifter simulacrum (Depths:2)
  9 wights
  5 hexers
  9 killer bees
  6 howler monkeys
  5 electric eels
  A human simulacrum (Vaults:2)
  5 bullfrog zombies (Ossuary)
  A hound (D:4)
  17 orc priests
  A bombardier beetle (D:7)
  2 jellies (D:5)
  3 sleepcaps
  6 iguanas
  4 hell rats (Lair:4)
  12 orc wizards
  9 mummies (Ossuary)
  2 killer bee zombies (Ossuary)
  2 crocodile zombies (Ossuary)
  A hound zombie (Ossuary)
  14 gnolls
  12 adders
  A white imp (D:7)
  2 ufetubi (D:6)
  4 dart slugs
  5 ribbon worms
  47 orcs
  6 bats
  6 endoplasms
  2 giant cockroaches
  10 goblins
  11 hobgoblins
  11 jackals
  14 kobolds
  6 quokkas
  5 ball pythons
  2 ball python zombies (Ossuary)
  6 frilled lizards
  6 rats
1244 creatures vanquished.

Vanquished Creatures (collateral kills)
  A golden dragon (Depths:4)
  A Brimstone Fiend (Depths:3)
  A tentacled monstrosity (Swamp:4)
  A Tzitzimitl (Depths:3)
  3 liches
  A deep elf blademaster (Elf:2)
  The ghost of bakla the Unseen, an adept FeCK of Xom (Elf:2)
  Aizul (Snake:2)
  A tengu reaver (Depths:3)
  A fire giant (Depths:2)
  4 nagarajas (Snake:4)
  A frost giant (Depths:4)
  2 balrugs (Depths:1)
  A stone giant (Depths:2)
  2 vault wardens (Vaults:2)
  A spriggan defender (Depths:1)
  A deep elf death mage (Elf:1)
  2 ironbound thunderhulks
  3 dire elephants
  An ettin (Orc:2)
  A fire dragon (Depths:2)
  A blizzard demon (Depths:4)
  2 great orbs of eyes
  2 salamander tyrants
  2 ice dragons
  A yaktaur captain (Vaults:4)
  4 centaur warriors
  An alligator (Swamp:1)
  5 vault guards
  3 hydras
  A spriggan air mage (Depths:2)
  2 peacekeepers (Vaults:4)
  An ironbound frostheart (Vaults:1)
  An anaconda (Snake:4)
  A two-headed ogre (shapeshifter) (Depths:3)
  3 two-headed ogres
  3 naga warriors
  6 deep troll shamans
  11 dancing weapons
  A tengu warrior (D:14)
  2 deep troll earth magi
  A shock serpent (Snake:4)
  An occultist (Depths:2)
  8 hell knights
  6 naga sharpshooters
  A sun demon (Depths:4)
  A deep elf knight (Elf:1)
  A spriggan berserker (Depths:2)
  A skeletal warrior (Depths:3)
  2 iron trolls
  A salamander mystic (Depths:4)
  A goliath frog (Swamp:1)
  3 spriggan druids
  2 swamp dragons
  12 deep trolls
  3 arcanists
  3 bog bodies
  3 harpies (Vaults:2)
  4 ironbound convokers
  A necromancer (Vaults:2)
  The ghost of soberseth the Thaumaturge, a novice DECj (D:7)
  An orc knight (D:15)
  5 deep elf pyromancers
  9 deep elf zephyrmancers
  An orc sorcerer (Orc:1)
  4 salamanders
  A manticore (D:12)
  9 ugly things
  A kobold blastminer (Orc:2)
  A cyclops (Orc:2)
  5 vault sentinels
  2 guardian serpents (Snake:4)
  5 black mambas
  6 naga magi
  A smoke demon (Depths:1)
  3 cane toads
  A freezing wraith (D:14)
  5 yaktaurs
  A komodo dragon (Lair:2)
  A tengu conjurer (D:14)
  2 red devils (Depths:1)
  2 polar bears (Lair:5)
  3 trolls (Orc:2)
  9 hornets
  2 blink frogs (Lair:2)
  2 tyrant leeches
  4 slime creatures
  10 spriggans
  A jumping spider (Vaults:3)
  2 wyverns
  19 yaks
  2 basilisks (Lair:1)
  3 water elementals
  3 fire elementals (Elf:2)
  A warg (Orc:2)
  2 vampire mosquitoes (D:11)
  A steam dragon (D:9)
  A redback (Vaults:3)
  16 nagas
  4 water moccasins
  3 acid dragons
  5 swamp worms
  7 orc warriors
  A black bear (D:8)
  15 ogres
  4 centaurs (D:13)
  2 boggarts
  9 wolves
  A human zombie (Vaults:4)
  3 bullfrogs
  2 wights (D:9)
  2 howler monkeys (D:8)
  3 orc priests
  3 orc wizards
  A hell rat (Lair:4)
  A gnoll (D:9)
  7 orcs
  2 butterflies (Lair:1)
362 creatures vanquished.

Vanquished Creatures (others)
  A very ugly thing (Depths:1)
  A yaktaur captain (Vaults:1)
  A hydra (Swamp:4)
  An ironbound frostheart (Vaults:1)
  A deep troll (Vaults:1)
  3 ugly things
  A naga mage (Snake:4)
  A smoke demon (Depths:1)
  A troll (Orc:2)
  An air elemental (Elf:2)
  A swamp worm (Swamp:4)
  A naga (Snake:3)
  An ogre (Orc:2)
  A boggart (Elf:1)
  An orc priest (Orc:1)
  46 hexers
  A gnoll (D:9)
64 creatures vanquished.

Grand Total: 1670 creatures vanquished

Notes
Turn   | Place    | Note
-------+----------+-------------------------------------------
     0 | D:1      | Implojin the Demonspawn Conjurer began the quest for the
                  | Orb.
     0 | D:1      | Reached XP level 1. HP: 13/13 MP: 3/3
    58 | D:1      | Reached skill level 1 in Fighting
   203 | D:1      | Gained mutation: You regenerate magic rapidly. [demonic
                  | ancestry]
   203 | D:1      | Reached XP level 2. HP: 15/22 MP: 3/5
   464 | D:1      | Reached skill level 1 in Short Blades
   521 | D:1      | Reached XP level 3. HP: 26/27 MP: 1/6
   795 | D:2      | Found a shadowy altar of Dithmenos.
  1053 | D:2      | Learned a level 2 spell: Searing Ray
  1151 | D:2      | Reached XP level 4. HP: 26/33 MP: 1/7
  1743 | D:3      | Found a faded altar of an unknown god.
  2474 | D:3      | Identified the +1 leather armour of Existentialism {Dex+4}
  2805 | D:3      | Gained mutation: You have a pair of small antennae on your
                  | head. [demonic ancestry]
  2805 | D:3      | Reached XP level 5. HP: 37/38 MP: 4/8
  3317 | D:4      | Noticed Menkaure
  3381 | D:4      | Noticed Sigmund
  3590 | D:4      | Noticed a black bear
  3717 | D:4      | Gained mutation: You have a pair of antennae on your head.
                  | [demonic ancestry]
  3717 | D:4      | Reached XP level 6. HP: 19/44 MP: 7/9
  3968 | D:4      | Found an ancient bone altar of Kikubaaqudgha.
  3995 | D:4      | Found Fabiz's General Store.
  4283 | D:4      | Reached skill level 5 in Short Blades
  4373 | D:4      | Found Jyhil's Antique Weapon Boutique.
  4402 | D:4      | Noticed Grinder
  4417 | D:4      | Paralysed by Grinder for 4 turns
  4435 | D:4      | Killed Grinder
  4436 | D:4      | Gained mutation: You are partially covered in thin metallic
                  | scales. (AC +2) [demonic ancestry]
  4436 | D:4      | Reached XP level 7. HP: 34/50 MP: 3/10
  4553 | D:4      | Killed Sigmund
  4619 | D:4      | Found Wusiof's Book Shoppe.
  4701 | D:4      | Found a hide-covered altar of Uskayaw.
  5009 | D:4      | Found Nocluf's Book Shoppe.
  5042 | D:5      | Entered Level 5 of the Dungeon
  5124 | D:5      | Found a sand-covered staircase.
  5136 | D:5      | Noticed a two-headed ogre
  5163 | D:5      | Killed a two-headed ogre
  5164 | D:5      | Reached skill level 3 in Dodging
  5164 | D:5      | Gained mutation: A meltable shield of frost defends you.
                  | (SH +4) [demonic ancestry]
  5164 | D:5      | Reached XP level 8. HP: 58/58 MP: 8/11
  5182 | Ossuary  | Entered an ossuary
  5310 | Ossuary  | Reached skill level 4 in Dodging
  5449 | Ossuary  | Reached skill level 5 in Dodging
  5801 | D:5      | Found a staircase to the Ecumenical Temple.
  5822 | D:5      | Gained mutation: You are mostly covered in thin metallic
                  | scales. (AC +3) [demonic ancestry]
  5822 | D:5      | Reached XP level 9. HP: 63/63 MP: 12/12
  5834 | D:5      | Reached skill level 6 in Dodging
  6477 | D:6      | Reached skill level 7 in Dodging
  6722 | D:6      | Reached skill level 8 in Dodging
  6842 | D:6      | Reached skill level 5 in Fighting
  6844 | D:6      | Noticed Eustachio
  7121 | Temple   | Entered the Ecumenical Temple
  7128 | Temple   | Became a worshipper of Hepliaklqana the Forgotten
  7198 | D:6      | Killed Eustachio
  7666 | D:7      | Found a runed translucent door.
  7666 | D:7      | Noticed soberseth's ghost (novice DECj)
  7701 | D:7      | Reached skill level 5 in Stealth
  7701 | D:7      | Gained mutation: You have a pair of large antennae on your
                  | head. (SInv) [demonic ancestry]
  7701 | D:7      | Reached XP level 10. HP: 74/76 MP: 8/13
  8499 | D:7      | Reached * piety under Hepliaklqana
  8722 | D:7      | Killed soberseth's ghost
  8762 | D:8      | Found a staircase to the Lair.
  8972 | D:8      | Noticed Joseph
  8978 | D:8      | Joseph changed into Joseph the black bear
  8978 | D:8      | Noticed Joseph
  8983 | D:8      | Killed Joseph the black bear
  9073 | D:8      | Reached skill level 1 in Evocations
  9162 | D:8      | Noticed Gastronok
  9177 | D:8      | Killed Gastronok
  9180 | D:8      | Paralysed by a hornet for 1 turns
  9439 | D:8      | Found a stormy altar of Qazlal.
  9439 | D:8      | Found a basalt altar of Yredelemnul.
  9439 | D:8      | Found a snail-covered altar of Cheibriados.
  9628 | D:8      | Reached ** piety under Hepliaklqana
  9629 | D:8      | Remembered your ancestor CrabCrab as a hexer
 10088 | D:9      | Noticed a two-headed ogre
 10096 | D:9      | Killed a two-headed ogre
 10157 | D:9      | Identified the +5 whip of Conscience {heavy, rElec SInv}
 10203 | D:9      | Noticed a two-headed ogre
 10229 | D:9      | Reached XP level 11. HP: 61/72 MP: 12/14
 10428 | D:9      | Noticed a boulder beetle
 10440 | D:9      | Killed a boulder beetle
 10441 | D:9      | Reached skill level 5 in Throwing
 10487 | D:9      | Noticed Erica
 10498 | D:9      | Killed Erica
 10877 | D:9      | Killed a two-headed ogre
 11101 | D:10     | Entered Level 10 of the Dungeon
 11108 | D:10     | Reached skill level 10 in Short Blades
 11177 | D:10     | Reached *** piety under Hepliaklqana
 11375 | D:10     | Noticed Urug
 11407 | D:10     | Killed Urug
 11568 | D:10     | Reached skill level 9 in Dodging
 11871 | D:11     | Reached skill level 10 in Dodging
 12128 | D:11     | Gained mutation: You are completely covered in thin
                  | metallic scales. (AC +4, rElec) [demonic ancestry]
 12128 | D:11     | Reached XP level 12. HP: 79/79 MP: 15/15
 12195 | D:11     | Found a staircase to the Orcish Mines.
 12678 | Lair:1   | Entered Level 1 of the Lair of Beasts
 12975 | Lair:1   | Reached **** piety under Hepliaklqana
 13327 | Lair:1   | Reached skill level 10 in Stealth
 13543 | Lair:1   | Reached skill level 5 in Invocations
 14115 | Lair:2   | Reached skill level 5 in Evocations
 14297 | Lair:2   | Identified the +0 falchion "Ruinuxih" {venom, Fly rPois rF-
                  | Int-2}
 14308 | Lair:2   | Found a staircase to the Swamp.
 15159 | Lair:3   | Reached XP level 13. HP: 59/86 MP: 19/19
 15468 | Lair:3   | Found a staircase to the Snake Pit.
 15643 | Lair:3   | Reached skill level 11 in Dodging
 16008 | Lair:4   | Identified a scroll of acquirement
 16009 | Lair:4   | Acquired the ring "Nat Weup" {rElec rC- Will+ Dex+8 SInv}
 16377 | Lair:4   | Found a staircase to the Slime Pits.
 16751 | Lair:4   | Reached ***** piety under Hepliaklqana
 16862 | Lair:5   | Entered Level 5 of the Lair of Beasts
 16909 | Lair:5   | Reached skill level 12 in Dodging
 16909 | Lair:5   | Reached skill level 1 in Armour
 16953 | Lair:5   | Found a runed translucent gate.
 16954 | Lair:5   | Found a runed translucent gate.
 16955 | Lair:5   | Found a runed translucent gate.
 16957 | Lair:5   | Noticed tgirl's ghost (journeyman OpEn)
 16957 | Lair:5   | Noticed avangion's ghost (journeyman MiBe)
 16957 | Lair:5   | Noticed whatisthis's ghost (journeyman DrCj)
 17173 | Lair:5   | Reached skill level 5 in Armour
 17281 | Lair:5   | Reached skill level 1 in Shields
 18283 | D:12     | Found Bommurphe's Antique Armour Shop.
 18307 | D:12     | Bought an embroidered cloak for 240 gold pieces
 18686 | D:12     | Reached skill level 5 in Shields
 18686 | D:12     | Gained mutation: Your magical and physical power is
                  | slightly enhanced at high health. [demonic ancestry]
 18686 | D:12     | Reached XP level 14. HP: 92/92 MP: 20/20
 19085 | D:13     | You fall into a shaft and drop 2 floors!
 19085 | D:15     | Entered Level 15 of the Dungeon
 19196 | D:14     | Found a sparkling altar of Nemelex Xobeh.
 20264 | D:13     | Reached skill level 13 in Dodging
 20373 | D:13     | Found a gate to the Vaults.
 20865 | D:14     | Reached skill level 14 in Dodging
 21546 | D:15     | Found a snail-covered altar of Cheibriados.
 21671 | D:15     | Reached skill level 15 in Dodging
 22463 | D:15     | Reached XP level 15. HP: 87/97 MP: 21/21
 22516 | D:15     | Found a staircase to the Depths.
 22579 | D:15     | :asdfg
 22580 | D:15     | :i really need to rewrite that
 22718 | Orc:1    | Entered Level 1 of the Orcish Mines
 22870 | Orc:2    | Entered Level 2 of the Orcish Mines
 23350 | Orc:2    | Found a staircase to the Elven Halls.
 23365 | Orc:2    | Found Nituc's Book Shop.
 23371 | Orc:2    | Found Zaddunn's Armour Boutique.
 23373 | Orc:2    | Found Heommuf's Jewellery Emporium.
 23387 | Orc:2    | Found Fyxiafof's Antique Armour Boutique.
 24084 | Orc:2    | Bought a pair of embroidered gloves for 202 gold pieces
 24084 | Orc:2    | Bought translucent acid dragon scales for 1215 gold pieces
 24084 | Orc:2    | Identified the +2 acid dragon scales of Qazlal's
                  | Condemnation {Will- rCorr Dex+9} (You bought it in a shop
                  | on level 2 of the Orcish Mines)
 24279 | D:4      | Bought a phantom mirror for 520 gold pieces
 24279 | D:4      | Bought a scroll of identify for 26 gold pieces
 24514 | Snake:1  | Entered Level 1 of the Snake Pit
 24524 | Snake:1  | Found Gaabun's Antique Armour Shoppe.
 24620 | Snake:1  | Found Tuxt's Jewellery Shoppe.
 24714 | Snake:1  | Got Vapam's Discourse on Bright Air
 24957 | Snake:1  | Found Vuyd's Assorted Antiques.
 24959 | Snake:1  | Found Vieshrisch's Jewellery Emporium.
 24984 | Snake:1  | Bought a scroll of enchant armour for 150 gold pieces
 24990 | Snake:1  | Found Ifetamil's Armour Shoppe.
 24990 | Snake:1  | Found Nogaf's Weapon Boutique.
 25003 | Snake:1  | :1k for plutonium sword seems kind of cheap
 25162 | Snake:1  | Found Laeholie's Jewellery Emporium.
 25163 | Snake:1  | Found Faitsepi's Book Shop.
 25163 | Snake:1  | Found Ceruan's Book Shop.
 25903 | Snake:2  | Reached ****** piety under Hepliaklqana
 25983 | Snake:2  | Noticed a nagaraja
 26003 | Snake:2  | Killed a nagaraja
 26233 | Snake:2  | Gained mutation: When hurt, damage is shared between your
                  | health and your magic reserves. [demonic ancestry]
 26233 | Snake:2  | Reached XP level 16. HP: 103/103 MP: 22/22
 26937 | Snake:3  | Identified the serpent talisman of the Cicada {*Slow rElec
                  | Slay-5 SInv}
 26937 | Snake:3  | Noticed Aizul
 26939 | Snake:3  | dang
 26942 | Snake:3  | Noticed Donald
 26950 | Snake:2  | Killed Aizul
 27506 | Snake:3  | Killed Donald
 28171 | Snake:3  | Found Ithock's Magic Scroll Shoppe.
 28179 | Snake:3  | Bought a scroll of teleportation for 36 gold pieces
 28436 | Snake:4  | Entered Level 4 of the Snake Pit
 29198 | Snake:4  | :asdgfgh
 29413 | Snake:4  | Reached skill level 10 in Armour
 29566 | Snake:4  | Reached XP level 17. HP: 82/108 MP: 21/23
 30276 | Swamp:1  | Entered Level 1 of the Swamp
 30474 | Snake:1  | Bought a ring of poison resistance for 320 gold pieces
 30981 | Swamp:2  | Identified the ring "Jappy" {rF+ Str+5 SInv}
 31196 | Swamp:2  | Noticed Jorgrun
 31204 | Swamp:2  | Killed Jorgrun
 31378 | Swamp:3  | Noticed Mara
 31384 | Swamp:3  | Reached skill level 10 in Evocations
 31426 | Swamp:4  | Entered Level 4 of the Swamp
 31447 | Swamp:3  | Killed Mara
 31816 | Swamp:4  | Got a mossy gem with 535 turns to spare
 31818 | Swamp:4  | Got a decaying rune of Zot
 31844 | Swamp:4  | Noticed a tentacled monstrosity
 31869 | Swamp:4  | Killed a tentacled monstrosity
 31870 | Swamp:4  | Reached skill level 10 in Fighting
 32275 | Snake:3  | Identified the +0 chain mail of Peisynemm {rPois}
 32387 | Snake:4  | Gained mutation: Your magical and physical power is
                  | enhanced at high health. [demonic ancestry]
 32387 | Snake:4  | Reached XP level 18. HP: 113/120 MP: 21/24
 32469 | Snake:4  | Got a serpentine rune of Zot
 32648 | Snake:1  | Bought a jewelled ring mail for 243 gold pieces
 32648 | Snake:1  | Identified the +0 ring mail of the Lich-sworn {Harm rF+ rN+
                  | Int+4} (You bought it in a shop on level 1 of the Snake
                  | Pit)
 32648 | Snake:1  | Bought a glowing cloak for 202 gold pieces
 32676 | Snake:1  | :i have no idea wat i'm even doing this game
 32929 | Vaults:1 | Entered Level 1 of the Vaults
 33018 | Vaults:1 | HP: 2/120 [ironbound frostheart (22)]
 33019 | Vaults:1 | :kinda tempted to just stand here and let it kill
 33035 | Vaults:1 | :cool
 33097 | Vaults:1 | Noticed Norris
 33122 | Vaults:1 | Reached skill level 16 in Dodging
 33123 | Vaults:1 | Killed Norris
 33499 | Vaults:1 | Found a runed translucent gate.
 33499 | Vaults:1 | Found a runed translucent gate.
 33499 | Vaults:1 | Found a runed translucent gate.
 33499 | Vaults:1 | Noticed Pileu's ghost (adept DsFE)
 33841 | Vaults:1 | Found Uteaduf's Antique Weapon Emporium.
 33841 | Vaults:1 | Found Nifep's Weapon Emporium.
 33841 | Vaults:1 | Noticed a lich
 33999 | Vaults:1 | Killed a lich
 34120 | Vaults:1 | Found Ipase's Armour Emporium.
 34524 | Elf:1    | Entered Level 1 of the Elven Halls
 34551 | Elf:1    | Reached skill level 17 in Dodging
 34614 | Elf:1    | Identified the +1 robe "Panolump" {rPois rF++ MP-9 Stlth+}
 34629 | Elf:1    | Noticed Zenata
 34650 | Elf:1    | Killed Zenata
 34652 | Elf:1    | Found Doyppum's Distillery.
 34660 | Elf:1    | Bought a potion of heal wounds for 70 gold pieces
 34694 | Elf:1    | Found Dypp's Assorted Antiques.
 35344 | Elf:1    | Found a flickering gateway to a bazaar.
 35359 | Bazaar   | Entered a bazaar
 35371 | Bazaar   | Found Xestreibi's Magic Scroll Shoppe.
 35372 | Bazaar   | Found Xoihe's Jewellery Shoppe.
 35413 | Bazaar   | Found Buhof's Armour Emporium.
 35414 | Bazaar   | Found Hejid's Assorted Antiques.
 35459 | Bazaar   | Bought a scroll of enchant armour for 67 gold pieces
 35772 | Elf:2    | Noticed Agnes
 35781 | Elf:2    | Killed Agnes
 35893 | Elf:2    | Reached skill level 18 in Dodging
 35997 | Elf:2    | Noticed Roxanne
 36042 | Elf:2    | Found an ancient bone altar of Kikubaaqudgha.
 36342 | Elf:2    | Found a huge runed translucent gate.
 36343 | Elf:2    | Found a huge runed translucent gate.
 36344 | Elf:2    | Found a huge runed translucent gate.
 36345 | Elf:2    | Found a huge runed translucent gate.
 36345 | Elf:2    | Found a huge runed translucent gate.
 36417 | Elf:2    | Reached XP level 19. HP: 19/126 MP: 4/25
 36417 | Elf:2    | :welp
 36417 | Elf:2    | :probably should have saved and stopped playing, like, when
                  | i started having trouble in s branches
 36570 | Elf:2    | Identified the blade talisman "Patu" {Dex+7}
 36668 | Elf:2    | Noticed Azrael
 36851 | Elf:2    | Reached skill level 19 in Dodging
 36894 | Elf:2    | Killed Azrael
 37035 | Elf:2    | Found a runed translucent gate.
 37035 | Elf:2    | Found a runed translucent gate.
 37036 | Elf:2    | Found a runed translucent gate.
 37037 | Elf:2    | Noticed bakla's ghost (adept FeCK)
 37245 | Elf:2    | :yeah
 37245 | Elf:2    | :picking this up later
 37245 | Elf:2    | Upgraded the game from 0.31-a0-1611-g890cdf5628 to
                  | 0.31-a0-1616-gbeaec30b81
 37256 | Elf:3    | Entered Level 3 of the Elven Halls
 37556 | Elf:3    | Found Typuuj's Weapon Boutique.
 37911 | Elf:3    | Found Xuirgh's Jewellery Boutique.
 38239 | Elf:1    | Bought a potion of heal wounds for 150 gold pieces
 38423 | Vaults:1 | Killed Pileu's ghost
 38634 | Vaults:2 | Found a staircase to the Crypt.
 38938 | Vaults:2 | Reached skill level 20 in Dodging
 40447 | Vaults:3 | Reached XP level 20. HP: 140/140 MP: 26/26
 41176 | Vaults:3 | Found Lassis's Magic Scroll Shop.
 41195 | Vaults:3 | Bought a scroll of blinking for 90 gold pieces
 41696 | Vaults:4 | Noticed Margery
 41713 | Vaults:4 | Killed Margery
 42004 | Vaults:4 | Found a huge runed translucent gate.
 42004 | Vaults:4 | Found a huge runed translucent gate.
 42005 | Vaults:4 | Found a huge runed translucent gate.
 42005 | Vaults:4 | Found a huge runed translucent gate.
 42006 | Vaults:4 | Found a huge runed translucent gate.
 42006 | Vaults:4 | Found a huge runed translucent gate.
 42007 | Vaults:4 | Found a huge runed translucent gate.
 42007 | Vaults:4 | Found a huge runed translucent gate.
 42008 | Vaults:4 | Found a huge runed translucent gate.
 42008 | Vaults:4 | Found a huge runed translucent gate.
 42008 | Vaults:4 | Found a huge runed translucent gate.
 42008 | Vaults:4 | Found a huge runed translucent gate.
 42008 | Vaults:4 | Found a huge runed translucent gate.
 42009 | Vaults:4 | Found a huge runed translucent gate.
 42010 | Vaults:4 | Found a huge runed translucent gate.
 42011 | Vaults:4 | Found a huge runed translucent gate.
 42012 | Vaults:4 | Found a huge runed translucent gate.
 42013 | Vaults:4 | Found a huge runed translucent gate.
 42013 | Vaults:4 | Found a huge runed translucent gate.
 42018 | Vaults:4 | Found a huge runed translucent gate.
 42019 | Vaults:4 | Found a huge runed translucent gate.
 42019 | Vaults:4 | Found a huge runed translucent gate.
 42019 | Vaults:4 | Found a huge runed translucent gate.
 42019 | Vaults:4 | Found a huge runed translucent gate.
 42022 | Vaults:4 | Found a huge runed translucent gate.
 42023 | Vaults:4 | Found a huge runed translucent gate.
 42024 | Vaults:4 | Found a huge runed translucent gate.
 42024 | Vaults:4 | Found a huge runed translucent gate.
 42028 | Vaults:4 | Found a huge runed translucent gate.
 42053 | Vaults:4 | Found a huge runed translucent gate.
 42054 | Vaults:4 | Found a huge runed translucent gate.
 42054 | Vaults:4 | Found a huge runed translucent gate.
 42057 | Vaults:4 | Found a huge runed translucent gate.
 42058 | Vaults:4 | Found a huge runed translucent gate.
 42059 | Vaults:4 | Found a huge runed translucent gate.
 42060 | Vaults:4 | Found a huge runed translucent gate.
 42582 | Vaults:4 | Reached skill level 10 in Shields
 42608 | Vaults:4 | Identified the +3 leather armour "Uppazu" {rCorr}
 42664 | Vaults:4 | Found the +4 robe of Folly {Brill Will-∞ Int+8}
 42674 | Vaults:4 | Identified the +2 hat of the Demonic God {rC++ Str-4}
 42683 | Vaults:4 | Found a radiant altar of Vehumet.
 42689 | Vaults:4 | Identified the +2 hat "Tulipp" {Will+ Str-2 SInv}
 42710 | Vaults:4 | Identified the +0 hat of Experimentation {Str+2 Int+5
                  | Slay+5}
 42948 | Depths:1 | Entered Level 1 of the Depths
 43220 | Depths:1 | Noticed the Enchantress
 43445 | Depths:1 | Killed the Enchantress
 43565 | Depths:1 | Found a one-way gate leading to the halls of Pandemonium.
 43849 | Depths:1 | Found a gateway to Hell.
 43861 | Depths:1 | Gained mutation: A meltable icy envelope protects you from
                  | harm. (AC +4) [demonic ancestry]
 43861 | Depths:1 | Reached XP level 21. HP: 74/148 MP: 14/27
 44037 | Depths:1 | Reached skill level 15 in Armour
 44365 | Depths:1 | Found a portal to a secret trove of treasure.
 44596 | Depths:1 | Found a one-way gate to the infinite horrors of the Abyss.
 44789 | Depths:2 | Found a broken altar of Ashenzari.
 45061 | Depths:2 | Reached skill level 21 in Dodging
 45173 | Depths:2 | Found a one-way gateway to a ziggurat.
 45363 | Depths:2 | You fall into a shaft and drop 2 floors!
 45363 | Depths:4 | Entered Level 4 of the Depths
 45396 | Depths:3 | Noticed Parghit
 45444 | Depths:3 | Killed Parghit
 45496 | Depths:3 | Identified the +6 mace of Contumacious Action {drain, rC+
                  | rCorr Int+3 Dex+3}
 46121 | Depths:2 | Reached skill level 22 in Dodging
 46549 | Depths:3 | Found a transporter.
 46552 | Depths:3 | Noticed Fiun's ghost (veteran GnWn)
 46582 | Depths:3 | Noticed Feesos's ghost (adept DjFE)
 46582 | Depths:3 | Noticed a juggernaut
 46594 | Depths:3 | Found a transporter.
 47082 | Depths:3 | Reached XP level 22. HP: 135/154 MP: 24/28
 47442 | Depths:3 | Identified the +4 plate armour of Day {Dex+5}
 47657 | Depths:3 | Got the Book of Conjuring
 47706 | Depths:3 | Found a corrupted altar of Lugonu.
 48219 | Depths:4 | Noticed a golden dragon
 48237 | Depths:3 | Killed a golden dragon
 48857 | Elf:2    | Killed bakla's ghost
 49048 | Elf:2    | Identified the +1 cloak "Yfesal" {-Tele Harm Rampage rN+}
 49051 | Elf:2    | Identified the +0 robe of Meafirch {Regen+}
 49559 | Depths:3 | Reached skill level 23 in Dodging
 49684 | Depths:4 | Noticed a golden dragon
 49703 | Depths:4 | Killed a golden dragon
 50061 | Depths:4 | Identified the +7 flail "Ussesch" {flame, rPois rF++
                  | Will+++ Int-5}
 50080 | Depths:4 | Found the +3 crown of Dyrovepreva {rElec Int+2 SInv}
 50087 | Depths:4 | Identified the staff "Ymuck" {rF+++ Int+3 Dex-2 Stlth+ Conj
                  | Tloc}
 50449 | Depths:4 | Noticed a golden dragon
 50454 | Depths:4 | Killed from afar by a quicksilver dragon

Illustrated notes †# #..[........####.###### .# ##)###.##########.# .###.......## ##...#.# .......#....###..#.#.# ####...##....#..##.#.# #####..###.....###.#.# .......#.##..|##.#.#.# ######.'⌠.##.##R⌠+.#.# ######.#...#+#..@#.#.# ###....##...+...##.#.# ###.###.##.....##..#.# ###.###..##.⌠.##..##.# ##...###..##.##..###.# ...#.####..#+#.......# ##...#####..+....##### ###########...#.## ############....# Turn 22579 on D:15: :asdfg #†# #..[........####.###### #.# ##)###.##########.# #.###.......## ##...#.# #.......#....###..#.#.# #####...##....#..##.#.# ######..###.....###.#.# ........#.##..|##.#.#.# #######.'⌠.##.##R⌠+.#.# ######.#...#+#.@.#.#.# ###....##...+...##.#.# ###.###.##.....##..#.# ###.###..##.⌠.##..##.# ###...###..##.##..###.# ....#.####..#+#.......# ###...#####..+....##### ###########...#.## ############....# Turn 22580 on D:15: :i really need to rewrite that #.............##..... ####..########...#####.. #....##########...#####. #.##.##∩....⌠##.....∩##. # #.##......#.......##. #.##..≈≈......≈≈..##. #.##..≈≈......≈≈..##. { #.##R......#....).##. #.##@.....##⌠....∩##. #.#####...##########. #..#####...########.. #.....##............. ##....##8............ #....## #######.#### #.....########..# #...............# ######.#......### Turn 25003 on Snake:1: :1k for plutonium sword seems kind of cheap ?.......# ........# ........# ........# .........# ........# #.#.##.S.# #.......@# .......R## ......N..# ..#......# #....N.# #..!..N# #....N..# #........# .........# Turn 26939 on Snake:3: dang .##.....###.......#######........ ................##....####....... ..######R..÷...##........#....... .########)...###.....############ .##.......####.......####### .##......####.....).##.....###### .##......##......)).)÷..........# .###.)..#.........#########.....# ..##..).)..##..R@N.# ####### ..##.......##..###N## ..###......#...# #).# [.###....#..#### ##.### ...########## #....# .### { { #.R..# ##{ { {{{ #....# { { #..N.# #.N..# { Turn 29198 on Snake:4: :asdgfgh .#.............#...#.# .#.#####.#..#.##...#.# .#.# #.#..#.##...#.# .#.# #.#..#.##...#.# ...# #.#..#.##...#.####### ...#####.#..#......#.......# ...........####8.8.8######.# .###..##.#......⌠.⌠......#.# .####..#.#.....8@∩.8####.#.# .........#.##.#.⌠R⌠.# #.#.# ######.###.##.#8.8.8# #.#.# ..# #.# #.##.#....## #.#.# ..# ##.###.##.#....# #.#.# ..# #....#.##.#....# #.#.###### ..###.##.#.##.#....# #.#.#....# ###....(.#.#..[....# #.#.#.#.## ##.#####.#.#..#..#.# #.#.#.#.# Turn 32676 on Snake:1: :i have no idea wat i'm even doing this game #....)...##+### #.............. #......p....... #.............. #.............. #....pp........ ##+###p########+ #...R[.# #...)@p# #....).# +...[..# { #...[<.# +......# +......# +......# #......# #......# Turn 33019 on Vaults:1: :kinda tempted to just stand here and let it kill #####+###### #.......... #...#....T. #$..#.....### #...# {.....# . #.#####p.... ... #.T.p.pT..#...#. #.@..T.T..T..... ################ Turn 33035 on Vaults:1: :cool ## ### ### #### ## ##.# ##.####.####..####.. #...##...##...##....##... ......................... ........@(eR............. .........)#........)..... ......e..###.....#....... #......)## ##...###...... ....e....# #...#######)'' .....e....#....# #....... ................ #...#... ..........^......#..###.. ....#...........##.# ##. Turn 36417 on Elf:2: :welp

.>.......#.#.............#.......
............)...........##.......
...#.#.....#...........###.......
8. #.....######.#...#.#.###......
/....#.########.#........###.....
######..........#...#.###.###....
# #..#####.[.#...#.# ##.#.#... ##
#..####........#.#####.#####
.#####..##......@.........#.# #.
#..[.)..##...)..R...#####.#.#####
.#.####.#.....).?..>...##.#.....#
.##.# #.............##..^.......#
<#.####.............#####.##.#..#
#.## #....[............##.##.#..#
.## ##....[...............#..#..#
## #.......[..........##.#.##..#
# ##....()...###...#####.......#


Turn 37245 on Elf:2: :yeah

Levels and vault maps discovered:
D:1:      lightli_arrival_lavapool, layout_rooms
D:2:      layout_basic, basic_altar, small_statue_intersection,
          kennysheep_nondescript
D:3:      minmay_octagon_keep, layout_basic, ebering_ecumenical_altar_rust
D:4:      layout_basic, kiku_gazebo_garden_becter,
          nicolae_uskayaw_murder_on_the_dancefloor, serial_shops,
          nicolae_shop_behind_doors, nicolae_shop_real_fake_doors, shop,
          shop_fountains, uniq_sigmund, uniq_grinder, uniq_menkaure
D:5:      layout_gridville, minmay_temple_entry_from_below_a, enter_ossuary_1,
          chequers_jeans
D:6:      layout_cave_pools, kennysheep_nub, minmay_circle_x, uniq_eustachio
D:7:      layout_basic, ebering_ghost_reflecting_pool
D:8:      cheibrodos_quashed, layout_layer_cave,
          gammafunk_temple_overflow_forgotten, david_lair_generic,
          eino_small_chamber_without_monster, uniq_joseph, uniq_gastronok
D:9:      layout_loops_ring, uniq_erica
D:10:     layout_roguey, uniq_urug
D:11:     layout_loops_ring, david_orc_5
D:12:     layout_loops_cross, serial_shops, nicolae_shop_dealshenge,
          hangedman_decor_slide_cut
D:13:     layout_basic, david_vaults_5
D:14:     layout_small_grid, nemelex_diamond_rough_becter
D:15:     gammafunk_enter_depths_forms, layout_loops_ring,
          grunt_decor_arrowhead, kennysheep_slug_shrine
Temple:   sentei_temple_godly_chess
Lair:1:   layout_misc_corridors, beast_lair_carwin_5, lemuel_fruit_fields
Lair:2:   layout_loops_ring, swamp_mist_pool, chequers_serial_rivers_large_a,
          minmay_holes, serial_bayou_pond_d, grunt_megastairs_4,
          lemuel_fruit_fields
Lair:3:   layout_chaotic_city, minmay_snake_entry_guardpost_medium,
          serial_bayou_crossing
Lair:4:   layout_roguey, slime_entry_1, infiniplex_staircase_pool
Lair:5:   minmay_lair_end_enchanted_forest, layout_gridlike,
          gammafunk_ghost_cemetery, minmay_stone_trees_small,
          serial_bayou_shore_b
Swamp:1:  layout_basic_swamp, nicolae_swamp_some_circles
Swamp:2:  layout_falls_marsh, serial_swamp_ruin, evilmike_swamp_ruin_rubble_1,
          evilmike_swamp_ruin_house_5, evilmike_swamp_ruin_rubble_2,
          uniq_jorgrun
Swamp:3:  layout_falls_marsh, nicolae_swamp_oxbows, uniq_mara
Swamp:4:  swamp_alternative, layout_basic_swamp, swamp_pool_5,
          nicolae_swamp_decorative_isthmus
Snake:1:  layout_basic, serial_shops,
          nicolae_shop_temple_entry_statues_fountains, nicolae_take_the_stairs,
          nicolae_snake_serpentine_bazaar, minmay_shop_grove
Snake:2:  layout_honeycomb, nicolae_snake_gridmaze_zigzag,
          nicolae_snake_guarding_the_ruins
Snake:3:  layout_rooms, serial_shops, shop, lemuel_fruit_tree,
          nicolae_triple_integral, uniq_aizul, uniq_donald
Snake:4:  grunt_snake_rune_spirals, layout_onion_interference
Orc:1:    layout_caves, basic_altar, nicolae_orc_seminary
Orc:2:    st_orc_open, layout_caves
Elf:1:    elf_arrival_002, layout_gridlike, serial_shops, bzr_entry_gold, shop,
          shop, hangedman_elf_disciples, uniq_zenata
Elf:2:    elven_hall_of_blades_hangedman_alternative
          [nicolae_blade_entry_diamond_columns], layout_loops_cross,
          basic_altar, gammafunk_ghost_tricky_traps, lemuel_upstairs_altar,
          uniq_azrael, uniq_agnes, uniq_roxanne
Elf:3:    minmay_elf_hall_not_hex, layout_geoelf_octagon, serial_shops, shop,
          nicolae_shop_gaudy_bauble
Vaults:1: ebering_ghost_rock_garden, grunt_vaults_focal, nicolae_vaults_cochlea,
          v_misc_3, nicolae_vaults_closet_pinwheel_4,
          nicolae_vaults_layer_cake_slice, hangedman_vaults_hard_town_square,
          nicolae_vaults_circle_grid_a, nicolae_vaults_apartment_1,
          hangedman_vaults_nails, nicolae_vaults_tetromino_T_1,
          layout_vaults_omnibox, uniq_norris
Vaults:2: v_misc_27, nicolae_vaults_network_barrier, nicolae_vaults_house_3,
          nicolae_vaults_stairing_the_circle, v_misc_12, v_rooms_6,
          nicolae_vaults_house_3, nicolae_vaults_sesquioval_fish, v_misc_19,
          nicolae_vaults_double_plus_2, nicolae_vaults_house_2,
          layout_vaults_omnigrid, dummy_crypt_entry
Vaults:3: vaults_mumra_minichess, vaults_standard_mumra_lines,
          vaults_dpeg_encased_lava, vaults_room_door_hall,
          ontoclasm_vaults_gateway, vaults_mumra_chevron_long,
          nicolae_vaults_tetromino_T_1, nicolae_vaults_diamond_2,
          nicolae_vaults_wine_cellar, nicolae_vaults_surprise_closet_hard,
          nicolae_vaults_gold_heap, layout_vaults_big_room, serial_shops,
          nicolae_shop_rolling_square
Vaults:4: gammafunk_ghost_door_vault, hangedman_vaults_pinch, v_misc_29,
          vaults_room_ringed_pool, nicolae_vaults_trapezoid_lopsided_3,
          grunt_vaults_funnel, v_misc_29, nicolae_vaults_diamond_1,
          grunt_tower_of_power, vaults_room_fours, v_rooms_4,
          nicolae_vaults_tetromino_Z_2, vaults_room_hallway,
          nicolae_vaults_little_squares_2, layout_vaults_omnicross, uniq_margery
Depths:1: layout_gridlike, abyss_entry_crystal, nicolae_trove_entry_columns,
          lightli_too_deep, pan_entry, hangedman_devilish_allure,
          uniq_enchantress
Depths:2: lemuel_troll_bridge, layout_gridlike, enter_ziggurat_b,
          rand_demon_pan_entry_8, hell_entry, abyss_entry,
          minmay_misc_feat_rugged, glass_columns_b,
          serial_sigils_hangedman_quiver, nicolae_ashenzari_skybound
Depths:3: cheibrodos_tormentor_scu, layout_basic, hangedman_tar_grid_catacomb,
          minmay_misc_feat_doors, nzn_ghost_randoct, abyss_entry_flame_altar,
          hellmonk_scarab_ruin, infiniplex_staircase_spiral_double, uniq_parghit
Depths:4: lemuel_castle_with_subvaults [lemuel_castle_interior_carwin_3],
          layout_cave_pools, hangedman_decor_peaks_small, hell_entry,
          grunt_pan_entry_spiral, minmay_fire_ice_demons

Skill      XL: |  1  2  3  4  5  6  7  8  9 10 11 12 13 14 15 16 17 18 19 20 21 22 |
---------------+-------------------------------------------------------------------+-----
Fighting       | 1 2 3 6 7 10 13 14 | 14.0
Short Blades   | 1 2 4 6 8 10 14 | 14.0
Stealth        | 2 3 4 5 8 10 11 13 14 | 14.0
Dodging        | 3 5 8 10 12 15 18 20 22 23 | 23.6
Evocations     | 4 7 10 | 10.0
Throwing       | 4 5 |  5.0
Invocations    | 8 |  8.0
Armour         | 6 10 12 14 15 | 15.0
Shields        | 5 6 10 | 10.0
Spellcasting   | |  2.0
Conjurations   | |  4.0

Action                     |  1- 3 |  4- 6 |  7- 9 | 10-12 | 13-15 | 16-18 | 19-21 | 22-24 || total
---------------------------+-------+-------+-------+-------+-------+-------+-------+-------++-------
  Melee: Short sword       |    22 |   100 |   447 |   923 |  1338 |       |       |       ||  2830
         Punch             |       |     1 |     9 |    14 |     9 |       |       |       ||    33
         Unarmed           |       |       |     9 |       |       |       |       |       ||     9
         Rapier            |       |       |       |       |   230 |  1490 |  1272 |   356 ||  3348
         Long sword        |       |       |       |       |     6 |       |       |       ||     6
  Throw: Dart              |       |       |     3 |    49 |    41 |     2 |       |       ||    95
         Throwing net      |       |       |     1 |       |       |     1 |       |       ||     2
         Javelin           |       |       |       |       |     8 |       |       |       ||     8
         Boomerang         |       |       |       |       |       |    31 |     7 |    14 ||    52
   Cast: Magic Dart        |    76 |    97 |    47 |     4 |       |       |       |       ||   224
         Searing Ray       |     1 |     3 |    20 |     3 |       |       |       |       ||    27
 Invoke: Recall Ancestor   |       |       |       |     6 |     6 |    16 |     7 |     6 ||    41
         Ancestor Life: He |       |       |       |     1 |       |       |       |       ||     1
         Ancestor Identity |       |       |       |     1 |       |       |       |       ||     1
         Idealise          |       |       |       |     2 |    10 |    16 |    13 |       ||    41
  Evoke: Phial of floods   |       |     1 |     1 |     2 |     2 |     5 |     1 |     1 ||    13
         Wand              |       |       |       |     4 |    26 |    41 |    12 |     6 ||    89
         Phantom mirror    |       |       |       |       |       |     6 |     3 |     2 ||    11
    Use: Scroll            |       |     5 |     7 |    11 |    27 |    20 |     9 |     4 ||    83
         Potion            |       |     2 |     2 |     2 |     6 |    22 |     7 |     2 ||    43
   Stab: Sleeping          |       |     1 |     5 |    11 |    20 |     8 |     9 |       ||    54
         Held in net/web   |       |       |     1 |       |       |     1 |       |       ||     2
         Distracted        |       |       |     1 |    25 |    40 |    51 |    40 |    11 ||   168
         Confused          |       |       |       |    25 |    52 |    25 |   116 |    19 ||   237
         Paralysed         |       |       |       |       |    24 |    43 |    68 |     6 ||   141
         Invisible         |       |       |       |       |     2 |    10 |       |       ||    12
         Betrayed ally     |       |       |       |       |       |     1 |       |       ||     1
 Armour: Robe              |    11 |     3 |       |       |       |       |   354 |   160 ||   528
         Leather armour    |       |    73 |   177 |   203 |   391 |       |       |       ||   844
         Skin              |       |       |     1 |       |       |       |       |       ||     1
         Troll leather arm |       |       |       |   157 |    52 |       |       |       ||   209
         Acid dragon scale |       |       |       |       |    60 |   344 |       |       ||   404
         Swamp dragon scal |       |       |       |       |       |   207 |    84 |       ||   291
  Dodge: Dodged            |    16 |    46 |   199 |   490 |   956 |   847 |   868 |   289 ||  3711
  Block: Other             |       |       |    31 |    99 |    61 |       |       |       ||   191
         Buckler           |       |       |       |       |   508 |   705 |   102 |       ||  1315
         Kite shield       |       |       |       |       |       |       |   793 |   297 ||  1090

Table legend: (Time is in decaauts)
 A = Elapsed time spent in this place.
 B = Non-inter-level travel time spent in this place.
 C = Inter-level travel time spent in this place.
 D = Time resting spent in this place.
 E = Time spent auto-exploring this place.
 F = Levels seen in this place.
 G = Mean time per level.
                   A        B        C        D        E       F      G
               +--------+--------+--------+--------+--------+-----+--------+
         Total |  48336 |  43793 |   4543 |   4344 |  23841 |  44 | 1098.5 |
       Dungeon |  17203 |  15403 |   1800 |   1313 |   9492 |  15 | 1146.9 |
        Temple |     13 |     13 |      0 |      0 |      0 |   1 |   13.0 |
          Lair |   5213 |   4530 |    683 |    189 |   2887 |   5 | 1042.6 |
         Swamp |   1643 |   1620 |     23 |     66 |    477 |   4 |  410.8 |
     Snake Pit |   6130 |   5521 |    609 |   1054 |   2332 |   4 | 1532.5 |
  Orcish Mines |   1495 |   1189 |    306 |     92 |    665 |   2 |  747.5 |
   Elven Halls |   4027 |   3717 |    310 |    287 |   1683 |   3 | 1342.3 |
        Vaults |   5686 |   5352 |    334 |    291 |   3424 |   4 | 1421.5 |
        Depths |   6249 |   5774 |    475 |    947 |   2673 |   4 | 1562.2 |
        Bazaar |    112 |    112 |      0 |      0 |     68 |   1 |  112.0 |
       Ossuary |    559 |    559 |      0 |    104 |    137 |   1 |  559.0 |
               +--------+--------+--------+--------+--------+-----+--------+

Top non-repeatable levels by time:
 Snake:4: 1931 daAuts
   Elf:2: 1913 daAuts
Depths:1: 1853 daAuts
Depths:2: 1814 daAuts
Depths:3: 1800 daAuts
     D:4: 1771 daAuts
     D:8: 1734 daAuts
 Snake:2: 1673 daAuts
Vaults:2: 1651 daAuts
     D:3: 1633 daAuts
Vaults:1: 1470 daAuts
 Snake:1: 1467 daAuts
Vaults:4: 1412 daAuts
    D:15: 1262 daAuts
   Elf:1: 1258 daAuts
